[Event "Early-Titled-Tuesday-Blitz-March-26-2024"]
[Site "Chess.com"]
[Date "2024.03.26"]
[Round "8"]
[White "HansOnTwitch"]
[Black "FormerProdigy"]
[Result "1-0"]
[WhiteElo "3126"]
[BlackElo "2980"]
[TimeControl "180+1"]
[EndTime "9:25:26 PDT"]
[Termination "HansOnTwitch won by resignation"]

1. e4 e5 2. Nf3 Nc6 3. Bc4 Bc5 4. d3 Nf6 5. O-O O-O 6. c3 d6 7. Re1 a5 8. h3 h6 9. Nbd2 Be6 10. b3 Re8 11.
Bb5 Bd7 12. a4 Ne7 13. Bxd7 Qxd7 14. d4 exd4 15. cxd4 Bb4 16. Bb2 Ng6 17. Re3 d5 18.
e5 Nh5 19. Nf1 Nhf4 20. Ng3 c5 21. Qc2 Rac8 22. Qf5 Qxf5 23. Nxf5 cxd4 24. Bxd4 Rc2 25. Rd1 Ne2+ 26. Kf1 Nxd4 27. N5xd4 Rb2 28. Ne2 b6 29. g3 Ne7 30. Ned4 Bc5 31. Re2 Rxe2 32. Nxe2 Rd8 33. Nfd4 g5 34. f4 gxf4 35. gxf4 Ng6 36. Kg2 Kf8 37. Kf3 Rd7 38. Nf5 h5 39. Neg3 d4 40. Rd3 Ne7 41. Nxe7 Kxe7 42. Nxh5 Rd8 43.
Ng3 Ke6 44. Ke4 Rh8 45. Nf5 Rh7 46. h4 Rh8 47. h5 Rg8 48. h6 Rg1 49. Rh3 Re1+ 50.
Kd3 Rc1 51. Kd2 Rc3 52. Rxc3 dxc3+ 53. Kxc3 1-0

[Event "Early-Titled-Tuesday-Blitz-March-26-2024"]
[Site "Chess.com"]
[Date "2024.03.26"]
[Round "8"]
[White "lukazz029"]
[Black "ChessSwole"]
[Result "0-1"]
[WhiteElo "2022"]
[BlackElo "2664"]
[TimeControl "180+1"]
[EndTime "9:25:26 PDT"]
[Termination "ChessSwole won on time"]

1. d4 e6 2. c4 f5 3. Nc3 Nf6 4.
g3 Be7 5. Bg2 O-O 6. Nh3 d6 7. O-O Qe8 8. Nf4 c6 9. Qb3 Kh8 10. d5 e5 11. Ne6 Bxe6 12. Qxb7 cxd5 13. cxd5 Nbd7 14. dxe6 Nc5 15. Qxa8 Qxa8 16. Bxa8 Rxa8 17. Be3 Nxe6 18. Rfd1 Kg8 19. Rac1 Kf7 20. Nd5 Nxd5 21. Rxd5 g5 22. f3 h5 23. Rb5 Kf6 24. Rb7 a6 25. a4 f4 26. Bf2 g4 27. gxf4 Nxf4 28. Kf1 Ke6 29. Rcc7 Bg5 30. b4 Nh3 31. a5 Rf8 32.
Rc6 gxf3 33. Bc5 fxe2+ 34. Kxe2 Be7 35. Rbb6 Nf4+ 36. Kd1 Rd8 37. Rxa6 Nd3 38. Bb6 Rg8 39. Bc7 Rg1+ 40. Kd2 Nxb4 41. Bxd6 Nxc6 42. Bxe7 Kd5 43. Ba3 Rg2+ 44. Kd1 Rxh2 45. Ra8 Ra2 0-1

[Event "Early-Titled-Tuesday-Blitz-March-26-2024"]
[Site "Chess.com"]
[Date "2024.03.26"]
[Round "8"]
[White "lilleper1"]
[Black "monomita"]
[Result "0-1"]
[WhiteElo "2900"]
[BlackElo "2782"]
[TimeControl "180+1"]
[EndTime "9:25:27 PDT"]
[Termination "monomita won on time"]

1. e4 e6 2. d4 d5 3. Bb5+ Bd7 4. Bd3 dxe4 5. Bxe4 Bc6 6. Bxc6+ Nxc6 7. Nf3 Nf6 8. O-O Bd6 9. Re1 O-O 10. c4 Bb4 11. Nc3 h6 12. Qd3 e5 13. d5 e4 14. Nxe4 Bxe1 15.
Nxf6+ Qxf6 16. dxc6 Rad8 17. Qe2 Bb4 18. cxb7 Qc6 19.
a3 Bd6 20. Be3 Qxb7 21. c5 Be7 22. Bxh6 Bf6 23. Bf4 Rfe8 24. Qf1 Qxb2 25. Rc1 c6 26. a4 Qa3 27. h4 Qxa4 28. Bd6 Qe4 29. Qa6 Bb2 30. Rc4 Qb1+ 31. Kh2 Qd3 32. Qa4 Bf6 33.
Rg4 a6 34. Qxc6 a5 35. Qb7 Qf5 36. Ra4 Ra8 0-1

[Event "Early-Titled-Tuesday-Blitz-March-26-2024"]
[Site "Chess.com"]
[Date "2024.03.26"]
[Round "8"]
[White "the_chess_child"]
[Black "azikom"]
[Result "1-0"]
[WhiteElo "2851"]
[BlackElo "2614"]
[TimeControl "180+1"]
[EndTime "9:25:27 PDT"]
[Termination "the_chess_child won by checkmate"]

1. e4 c6 2. d3 d5 3. Nd2 g6 4. Ngf3 Bg7 5. g3 Nf6 6. Bg2 O-O 7. O-O a5 8. Re1 Na6 9. e5 Ne8 10. Nf1 Nac7 11. h4 Ne6 12. h5 N8c7 13. N1h2 f5 14.
hxg6 hxg6 15. Nh4 Qe8 16. N2f3 Bd7 17. c3 Qf7 18. Bh3 Rad8 19. Ng2 Bh8 20. Kh2 Qh7 21. Rh1 d4 22. cxd4 Nb5 23. Be3 Bc8 24.
Kg1 Qf7 25. Qa4 b6 26. Nf4 Nxf4 27. Bxf4 Qd5 28. Bg2 Nxd4 29. Ng5 Qb5 30. Qxb5 cxb5 31. Kf1 Ne6 32. Rh6 Nxg5 33. Rxg6+ Kf7 34. Rxg5 Rxd3 35.
Ke2 Rfd8 36. Rh1 R3d4 37. Rh7+ Ke6 38. Rh6+ Kd7 39. Rxb6 Rb4 40. e6+ Ke8 41. Rg8# 1-0

[Event "Early-Titled-Tuesday-Blitz-March-26-2024"]
[Site "Chess.com"]
[Date "2024.03.26"]
[Round "8"]
[White "esrosenberg"]
[Black "NikitaShnadrygin"]
[Result "0-1"]
[WhiteElo "2494"]
[BlackElo "2650"]
[TimeControl "180+1"]
[EndTime "9:25:27 PDT"]
[Termination "NikitaShnadrygin won by checkmate"]

1. d4 d5 2. c4 Nc6 3. cxd5 Qxd5 4. e3 e5 5. Nc3 Bb4 6. Bd2 Bxc3 7. Bxc3 exd4 8.
Ne2 Nf6 9. Nxd4 O-O 10. Nb5 Qg5 11. h4 Qg6 12. Nxc7 Bg4 13. Qb3 Rab8 14. Bc4 Ne4 15. Bd5 Nc5 16. Qc4 Nd3+ 17. Kf1 Nce5 18. Qe4 Bf5 19. Qd4 h5 20. Rd1 Nc6 21. Bxc6 bxc6 22.
Na6 Rfd8 23. Qa4 Rb6 24. a3 Kh7 25. Nb4 Nc5 26. Rxd8 Nxa4 27. Bd4 c5 28. b3 cxd4 29. bxa4 dxe3 30. fxe3 Re6 31. Rd4 Be4 32. Kf2 Qxg2+ 33. Ke1 Qxh1+ 34. Kd2 Qf3 35. Nd3 Bxd3 36. Kxd3 Qf6 37.
Rf4 Rd6+ 38. Ke2 Qxf4 39. exf4 Ra6 40. Kf3 Rxa4 41. f5 f6 42. Kg3 Rxa3+ 43. Kh2 Ra4 44. Kh3 Rg4 45. Kh2 a5 46. Kh3 a4 47. Kh2 a3 48.
Kh3 a2 49. Kh2 a1=Q 50. Kh3 Qh1# 0-1

[Event "Early-Titled-Tuesday-Blitz-March-26-2024"]
[Site "Chess.com"]
[Date "2024.03.26"]
[Round "8"]
[White "MightyGMpretender"]
[Black "noblerone"]
[Result "1-0"]
[WhiteElo "2763"]
[BlackElo "2551"]
[TimeControl "180+1"]
[EndTime "9:25:27 PDT"]
[Termination "MightyGMpretender won by resignation"]

1. e4 c5 2. Nf3 e6 3. d4 cxd4 4. Nxd4 Qb6 5. Nb3 Qc7 6. Bd3 Nf6 7. c4 b6 8. Nc3 a6 9. Be3 d6 10. O-O Be7 11. a4 Nc6 12. Rc1 Qb8 13. Kh1 O-O 14. f4 Rd8 15. Qf3 Bd7 16. Bb1 Be8 17. Qh3 g6 18.
Nd2 Nh5 19. Nf3 Na5 20. g4 Ng7 21. Ne2 Bc6 22. Ng3 Nb3 23. Rc3 Nc5 24. Bd4 Qb7 25.
Re3 f6 26. Qh6 e5 27. fxe5 dxe5 28. Bc3 Nce6 29. g5 fxg5 30. Nxe5 Bd6 31. Rf7 Qxf7 32. Nxf7 Kxf7 33. Rf3+ Bf4 34. Bxg7 Nxg7 35. Qxg5 Ne6 36. Rxf4+ Nxf4 37. Qxf4+ Kg8 38. Bc2 Rf8 39. Qd6 Be8 40.
c5 Bf7 41. cxb6 Rad8 42. Qe5 Rd2 43. b7 Rxc2 44. b8=Q Rc1+ 45. Kg2 Rxb8 46. Qxb8+ Kg7 47. Qe5+ Kg8 48. Qb8+ Kg7 49. Qf4 Kg8 50. Qxc1 1-0

[Event "Early-Titled-Tuesday-Blitz-March-26-2024"]
[Site "Chess.com"]
[Date "2024.03.26"]
[Round "8"]
[White "manitodeplomo"]
[Black "Chess4always"]
[Result "1-0"]
[WhiteElo "2639"]
[BlackElo "2022"]
[TimeControl "180+1"]
[EndTime "9:25:28 PDT"]
[Termination "manitodeplomo won by resignation"]

1. d4 d5 2. c4 e5 3. dxe5 d4 4. Nf3 Nc6 5. g3 Be6 6. Bg2 Nge7 7. O-O Ng6 8. Qa4 Qd7 9. Rd1 Ncxe5 10. Qxd7+ Nxd7 11. Nxd4 Bxc4 12. Bxb7 Rd8 13. Nc6 Bd6 14. Nxd8 Kxd8 15. Nc3 h5 16. Bd5 Bxd5 17. Nxd5 h4 18.
Kg2 h3+ 19. Kf1 Nge5 20. f3 Kc8 21. b3 f6 22. Bd2 Nc6 23. Rac1 Kb7 24. Bf4 Nde5 25.
Kf2 Re8 26. e4 g5 27. Nxf6 Re6 28.
Bxg5 Nb4 29. Ke2 Nf7 30. Bh4 Nxa2 31. Rc2 Nb4 32. Rcd2 Nc6 33. Nd5 Be5 34. f4 Bg7 35. Kf3 Nd6 36. e5 Nf5 37. Kg4 Ncd4 38. Rxd4 Nxd4 39.
Rxd4 c6 40. Ne3 Rg6+ 41. Kxh3 Bf8 42. Rd7+ Kb6 43. Rf7 Bc5 44. Nc4+ Kb5 45. Rf6 Rg8 46. Nd6+ Kb4 47. Ne4 Bg1 48. Rxc6 Rd8 49. Rd6 Rc8 50. Rd3 Rc2 51. Rf3 Rxh2+ 52. Kg4 Re2 53. Kf5 1-0

[Event "Early-Titled-Tuesday-Blitz-March-26-2024"]
[Site "Chess.com"]
[Date "2024.03.26"]
[Round "8"]
[White "Kavyev_Ruslan"]
[Black "aljado"]
[Result "1-0"]
[WhiteElo "2388"]
[BlackElo "2145"]
[TimeControl "180+1"]
[EndTime "9:25:28 PDT"]
[Termination "Kavyev_Ruslan won on time"]

1. d4 Nf6 2. Nf3 g6 3. c4 d5 4. g3 Bg7 5. Bg2 O-O 6. O-O c6 7. Qb3 Nbd7 8. Nc3 Nb6 9. cxd5 cxd5 10. a4 Bf5 11. Bf4 Ne4 12. Nb5 Nc4 13. Rac1 a6 14. Nc7 Rb8 15. Nxd5 Qxd5 16. Qxc4 Qxc4 17. Rxc4 Rbc8 18.
Rfc1 Rxc4 19. Rxc4 Rc8 20. Rxc8+ Bxc8 21. Ne5 Nd6 22. h4 b5 23. axb5 Nxb5 24. e3 Kf8 25. Nd3 Ke8 26. Nc5 Kd8 27. Bf1 f6 28. Bc4 e5 29. dxe5 fxe5 30. Bg5+ Kc7 31. Ne6+ Bxe6 32. Bxe6 a5 33. f4 Kd6 34. Bc4 Nc7 35. Kf2 e4 36. g4 Bxb2 37. f5 gxf5 38. gxf5 Nd5 39. Bd8 a4 40. Ba5 a3 41. Ke2 Nc3+ 42. Bxc3 Bxc3 43.
Ba2 1-0

[Event "Early-Titled-Tuesday-Blitz-March-26-2024"]
[Site "Chess.com"]
[Date "2024.03.26"]
[Round "8"]
[White "Karttunen"]
[Black "Pedrada88"]
[Result "0-1"]
[WhiteElo "2719"]
[BlackElo "2561"]
[TimeControl "180+1"]
[EndTime "9:25:29 PDT"]
[Termination "Pedrada88 won by resignation"]

1. e4 c6 2. d4 d5 3. e5 c5 4. dxc5 Nc6 5. Nf3 Bg4 6. c3 e6 7. b4 Nxe5 8. Bb5+ Nc6 9. Qa4 Qc7 10. Bxc6+ bxc6 11. Nd4 Rc8 12. b5 e5 13. Nxc6 Nf6 14.
Nxa7 Bxc5 15. b6+ Qd7 16. Qxd7+ Kxd7 17. Nxc8 Rxc8 18. Be3 Bxe3 19. fxe3 Rb8 20. Nd2 Rxb6 21. Rb1 Ra6 22. Rb2 Ra3 23. Nb3 Ne4 24. Rc2 Bf5 25. O-O Nd6 26. Rcf2 g6 27. Rd1 Kc6 28. Rfd2 Be4 29.
Rf2 f5 30. h3 Nc4 31. Re1 h5 32. Kh2 h4 33. g3 hxg3+ 34. Kxg3 Ra8 35. Rg1 Rh8 36.
Re1 g5 37. Rh2 f4+ 38. exf4 gxf4+ 39. Kf2 Ne3 40. Nd2 Ng4+ 41. Kg1 Nxh2 42. Kxh2 Bf5 43. Rxe5 Rxh3+ 44. Kg2 Rd3 45. Nf3 Be4 46. Rxe4 dxe4 47.
Ne5+ Kd5 48. Nxd3 exd3 49. Kf3 Kc4 50. a4 Kxc3 51. a5 d2 52. Kxf4 d1=Q 0-1

[Event "Early-Titled-Tuesday-Blitz-March-26-2024"]
[Site "Chess.com"]
[Date "2024.03.26"]
[Round "8"]
[White "Incognizance"]
[Black "ChempionBg"]
[Result "1-0"]
[WhiteElo "1920"]
[BlackElo "2320"]
[TimeControl "180+1"]
[EndTime "9:25:29 PDT"]
[Termination "Incognizance won on time"]

1. d4 Nf6 2. c4 g6 3. Nc3 Bg7 4. e4 d6 5. h3 O-O 6. Be3 e5 7. d5 a5 8. g4 Na6 9. Nge2 Nc5 10.
Ng3 a4 11. Qd2 c6 12. Be2 cxd5 13. cxd5 Bd7 14. f3 b5 15. Bxb5 Bxb5 16. Nxb5 Qb6 17. Nc3 a3 18. b3 Qa6 19. Qe2 Qa5 20. Rc1 Rfc8 21. O-O Nxb3 22. axb3 Rxc3 23. Bd2 Qb6+ 24. Qf2 Qxf2+ 25. Kxf2 Rxb3 26. Rb1 Rab8 27. Rxb3 Rxb3 28. Ra1 Nd7 29. Ne2 Nb6 30. Nc1 Rb2 31. Ke2 Nc4 32. Kd1 Rxd2+ 33. Ke1 Rh2 34. Rxa3 Nxa3 35. Nd3 Nc2+ 36.
Kd1 Nd4 37. Nb4 Nxf3 38. Nc6 Bh6 39. Ne7+ Kf8 40. Nc6 Nd4 41. Nd8 Ke7 42. Ne6 1-0

[Event "Early-Titled-Tuesday-Blitz-March-26-2024"]
[Site "Chess.com"]
[Date "2024.03.26"]
[Round "8"]
[White "PeshkaCh"]
[Black "Orest_Vovk"]
[Result "1-0"]
[WhiteElo "2869"]
[BlackElo "2593"]
[TimeControl "180+1"]
[EndTime "9:25:30 PDT"]
[Termination "PeshkaCh won on time"]

1. Nf3 h6 2. e4 g5 3. d4 Bg7 4.
Bc4 d6 5. c3 c6 6. Be3 Bg4 7. Qb3 e6 8. Qxb7 Bxf3 9. gxf3 Nd7 10.
Qxc6 Rc8 11. Qa4 Ne7 12. Bb5 Rc7 13. h4 gxh4 14. Rxh4 Nf5 15. Rg4 Nxe3 16. fxe3 Bf8 17. Nd2 h5 18. Rg1 Qh4+ 19. Ke2 Bh6 20. Rae1 Qh2+ 21. Kd3 Ke7 22. Rh1 Qf2 23. Re2 Qg3 24. Bxd7 Rxd7 25. Rxh5 Rb7 26. Kc2 Bg7 27. Rxh8 Bxh8 28.
Qc6 Rd7 29. f4 Qg4 30. Rh2 Bg7 31. e5 Qg1 32. Qg2 Qxg2 33. Rxg2 Bh6 34. Ne4 dxe5 35. dxe5 Bf8 36. Nf6 Rb7 37. Rg8 Rb8 38. b4 Ra8 39. c4 Rb8 40. a3 a6 41. c5 a5 42.
Kc3 axb4+ 43. axb4 Ra8 44. Rg2 Ra3+ 45. Kc4 1-0

[Event "Early-Titled-Tuesday-Blitz-March-26-2024"]
[Site "Chess.com"]
[Date "2024.03.26"]
[Round "8"]
[White "DavidGavrilescu18"]
[Black "xasid81"]
[Result "1-0"]
[WhiteElo "2762"]
[BlackElo "2587"]
[TimeControl "180+1"]
[EndTime "9:25:31 PDT"]
[Termination "DavidGavrilescu18 won by resignation"]

1. e4 e6 2. d4 d5 3. e5 c5 4.
c3 Nc6 5. Nf3 Nge7 6. Na3 cxd4 7. cxd4 Nf5 8. Nc2 Bd7 9. Bd3 Qb6 10. Bxf5 exf5 11. O-O Be7 12. Bg5 O-O 13. Bxe7 Nxe7 14. Rb1 Rac8 15. h4 f4 16. Qd2 Bg4 17. Nce1 Ng6 18.
Rc1 Rxc1 19. Qxc1 Rc8 20. Qd2 h5 21. Ng5 f6 22. exf6 Qxf6 23. g3 Rf8 24. Qd3 Re8 25. Nef3 a6 26. Rc1 Rf8 27. Rf1 Qd6 28. Ne5 Bf5 29.
Qf3 Nxe5 30. dxe5 Qxe5 31. gxf4 Qf6 32. Qxd5+ Kh8 33. Re1 Bg6 34. Ne6 Re8 35. Re5 Bf7 36. f5 Qxh4 37. Qf3 Qg4+ 38. Qxg4 hxg4 39. Kg2 g6 40. Ng5 Kg7 41. Rxe8 Bxe8 42. fxg6 Kxg6 43. Ne6 Kf6 44. Nc5 a5 45. Kg3 b6 46. Ne4+ Kf5 47.
Nd6+ Ke5 48. Nxe8 1-0

[Event "Early-Titled-Tuesday-Blitz-March-26-2024"]
[Site "Chess.com"]
[Date "2024.03.26"]
[Round "8"]
[White "kriscacco"]
[Black "JJDAREK"]
[Result "1/2-1/2"]
[WhiteElo "2180"]
[BlackElo "2388"]
[TimeControl "180+1"]
[EndTime "9:25:31 PDT"]
[Termination "Game drawn - insufficient material"]

1. d4 d6 2. g3 e5 3. dxe5 dxe5 4.
Qxd8+ Kxd8 5. Bg2 c6 6. Nf3 f6 7.
O-O Be6 8. b3 Kc7 9. Bb2 Nd7 10. Rd1 a5 11. Nfd2 Nh6 12. e3 Nf7 13. Nc3 Bb4 14. a3 Be7 15. Bf1 Rhd8 16. Bc4 Bxc4 17. Nxc4 b5 18. Nd2 a4 19. bxa4 bxa4 20. Nc4 Rdb8 21. Ne4 Nb6 22. Ned2 Nxc4 23. Nxc4 Nd6 24.
Nxd6 Bxd6 25. Bc3 Bc5 26. Rd3 Rd8 27. Kf1 Rxd3 28. cxd3 Rb8 29. d4 exd4 30. Bxd4 Bxd4 31. exd4 Rb3 32. Ke2 Kd6 33. h4 h5 34. Ra2 Kd5 35.
Rc2 Rxa3 36. Rc5+ Kxd4 37. Rxc6 Ra2+ 38. Kf3 a3 39. Rc7 g6 40. Rc6 Ke5 41. Ra6 Ra1 42.
Ra5+ Ke6 43. Ra6+ Kf7 44. Ra7+ Ke6 45. Ra6+ Ke5 46. Ra5+ Kd4 47. Kf4 a2 48. f3 Kd3 49.
Ra6 Ke2 50. Re6+ Kf2 51. Ra6 Kg2 52. Ra3 Kh3 53. Ra5 Kg2 54. Ra3 g5+ 55. hxg5 fxg5+ 56. Kxg5 Kxg3 57. f4+ Kg2 58. f5 h4 59. f6 h3 60. f7 Rf1 61. Rxa2+ Kg1 62. Kg6 h2 63. Rxh2 Kxh2 64. Kg7 Rxf7+ 65. Kxf7 1/2-1/2

[Event "Early-Titled-Tuesday-Blitz-March-26-2024"]
[Site "Chess.com"]
[Date "2024.03.26"]
[Round "8"]
[White "Szparu"]
[Black "DrVelja"]
[Result "1-0"]
[WhiteElo "2825"]
[BlackElo "2991"]
[TimeControl "180+1"]
[EndTime "9:25:37 PDT"]
[Termination "Szparu won on time"]

1. Nf3 d5 2. d4 Nf6 3. c4 e6 4. g3 Bb4+ 5. Nc3 dxc4 6. Bg2 O-O 7. a3 Be7 8. e4 b5 9. Nxb5 Bb7 10. e5 Nd5 11.
O-O Nc6 12. Bd2 Rb8 13. Qc2 Ba6 14. Nc3 h6 15. Rfe1 Rb3 16. Re4 Qb8 17. Bc1 Kh8 18. Bf1 Nxc3 19. bxc3 Qd8 20. Nd2 Qd5 21. Re1 Rfb8 22.
Bg2 Qd7 23. Ne4 Na5 24. Qd2 Rb1 25. Rxb1 Rxb1 26. Qf4 Nb3 27. Bd2 Nxd2 28. Qxd2 Rxe1+ 29. Qxe1 Bb7 30. Nf6 Qb5 31. Bxb7 Qxb7 32. Nh5 Bxa3 33. Qe2 Qb1+ 34. Kg2 Qd3 35. Qg4 Bf8 36. Nf4 Qxc3 37. d5 Qxe5 38. dxe6 fxe6 39. Ng6+ 1-0

[Event "Early-Titled-Tuesday-Blitz-March-26-2024"]
[Site "Chess.com"]
[Date "2024.03.26"]
[Round "8"]
[White "Kazmin_Semyon"]
[Black "chessdjw"]
[Result "1-0"]
[WhiteElo "2608"]
[BlackElo "2796"]
[TimeControl "180+1"]
[EndTime "9:25:37 PDT"]
[Termination "Kazmin_Semyon won on time"]

1. e4 c5 2. Nf3 Nc6 3. d4 cxd4 4. Nxd4 Nf6 5. Nc3 e5 6. Ndb5 d6 7. Bg5 a6 8. Na3 b5 9. Nd5 Be7 10. Bxf6 Bxf6 11. c3 O-O 12. Nc2 Bg5 13. a4 bxa4 14.
Rxa4 a5 15. Bc4 g6 16. O-O Kg7 17. b4 Bd7 18. b5 Ne7 19. Qe2 Rc8 20. Nce3 Bxe3 21.
Nxe3 Qb6 22. Rfa1 Ra8 23. Qa2 Bxb5 24. Rxa5 Bxc4 25. Nxc4 Rxa5 26. Qxa5 Qc6 27. Qb4 Qxe4 28. Nxd6 Qc6 29. h3 Nd5 30. Qa3 Nxc3 31. Qa6 Qxa6 32. Rxa6 Ne2+ 33. Kf1 Nd4 34. g3 Rd8 35. Ne4 Ne6 36.
h4 Rd4 37. Nc3 h5 38. Ra7 Kf6 39. Nb5 Rd1+ 40. Ke2 Rb1 41. Nc3 Nd4+ 42. Kd3 Rb2 43.
Ne4+ Kg7 44. Ra5 1-0

[Event "Early-Titled-Tuesday-Blitz-March-26-2024"]
[Site "Chess.com"]
[Date "2024.03.26"]
[Round "8"]
[White "Abund"]
[Black "nabukatnezarr"]
[Result "1-0"]
[WhiteElo "2795"]
[BlackElo "2593"]
[TimeControl "180+1"]
[EndTime "9:25:38 PDT"]
[Termination "Abund won by resignation"]

1. d4 Nf6 2. c4 e6 3. Nc3 Bb4 4.
Qc2 b6 5. a3 Bxc3+ 6. Qxc3 Bb7 7. f3 c5 8. e3 O-O 9. Bd3 d5 10. dxc5 bxc5 11. Ne2 Nc6 12. cxd5 Nxd5 13. Qxc5 Rc8 14.
Qc2 Na5 15. Qd1 Qh4+ 16. Ng3 Rfd8 17. O-O Bc6 18. Bd2 Ba4 19. Qe2 Nb3 20. Rae1 Nf6 21.
Bc3 Nc5 22. Bb1 Rb8 23. Rf2 Bb5 24. Qc2 Bd3 25. Bxf6 Qxf6 26. Qxc5 Rxb2 27. Rxb2 Qxb2 28. Bxd3 Qd2 29. Bxh7+ Kxh7 30. Qc1 Rd5 31. Qxd2 Rxd2 32. Ra1 a5 33. e4 Kg6 34. Nf1 Rb2 35. Ne3 Kg5 36.
a4 Rb4 37. Ra2 Kf4 38. Kf2 Ke5 39. g3 g5 40. Nc2 Rb3 41. Ne3 f5 42. exf5 exf5 43.
Nc4+ Kd4 44. Nxa5 g4 45. Nxb3+ 1-0

[Event "Early-Titled-Tuesday-Blitz-March-26-2024"]
[Site "Chess.com"]
[Date "2024.03.26"]
[Round "8"]
[White "sergoy"]
[Black "jk13"]
[Result "1-0"]
[WhiteElo "2912"]
[BlackElo "2716"]
[TimeControl "180+1"]
[EndTime "9:25:39 PDT"]
[Termination "sergoy won by resignation"]

1. d4 Nf6 2. c4 e6 3. Nf3 Bb4+ 4. Nbd2 O-O 5. a3 Be7 6. e3 d5 7. Bd3 c5 8. dxc5 a5 9. Rb1 a4 10. cxd5 exd5 11. b4 axb3 12. Nxb3 Nbd7 13. O-O Nxc5 14. Nxc5 Bxc5 15. Bb2 b6 16. Nd4 Bd7 17. Ra1 Re8 18.
Qc2 Ba4 19. Qe2 Bd7 20. Rfd1 Qe7 21. Qf3 Bxa3 22. Nf5 Bxf5 23. Bxf6 Qxf6 24. Bxf5 Ra5 25. Rab1 d4 26. Bd7 Qxf3 27. gxf3 Rd8 28. Rxd4 Bc5 29.
Rd2 g6 30. f4 Kg7 31. Kg2 Ra7 32. Rbd1 Ra3 33. Bb5 Rxd2 34. Rxd2 Rc3 35. Rd7 h5 36. Rb7 Kf8 37. Kf3 Rc2 38. Bd3 Rc3 39. Be4 Rc1 40.
Bd5 Be7 41. Rxb6 Rc7 42. Be4 Kg7 43. f5 Bf6 44. fxg6 fxg6 45. Bd5 Re7 46. Ra6 Be5 47. h3 Rd7 48. Ke4 Bf6 49. f4 Be7 50. Bc6 Rd6 51. Ra7 Rxc6 52. Rxe7+ Kf6 53. Rd7 Rc1 54. Rd6+ Kf7 55.
Ke5 Rc5+ 56. Rd5 Rc7 57. e4 Re7+ 58. Kd4 Kf6 59. Rd6+ Kg7 60. Kd5 Rf7 61. Ke5 Rxf4 62.
Kxf4 1-0

[Event "Early-Titled-Tuesday-Blitz-March-26-2024"]
[Site "Chess.com"]
[Date "2024.03.26"]
[Round "8"]
[White "Staudenhocker43"]
[Black "reevecanada"]
[Result "1/2-1/2"]
[WhiteElo "2558"]
[BlackElo "2670"]
[TimeControl "180+1"]
[EndTime "9:25:39 PDT"]
[Termination "Game drawn - insufficient material"]

1. e4 c5 2. Nf3 d6 3. Bb5+ Bd7 4.
Bxd7+ Qxd7 5. c4 e5 6. d3 Nc6 7. Nc3 Be7 8. O-O Nf6 9. Bg5 O-O 10. Bxf6 Bxf6 11. Nd5 Bd8 12. a3 Ne7 13. Nxe7+ Bxe7 14. b4 b6 15. Qe2 f5 16. exf5 Rxf5 17. Nd2 Raf8 18. Ne4 d5 19. cxd5 Qxd5 20. Qa2 Qxa2 21. Rxa2 Rd8 22. bxc5 bxc5 23. Rd1 c4 24. Rad2 Rd4 25.
f3 Bxa3 26. dxc4 Rxc4 27. Ra2 Bf8 28. Rxa7 Rf4 29. Rb7 Rd4 30. Rxd4 exd4 31. Rd7 g5 32. h3 h6 33. Kf1 Bg7 34. Ke2 Rf7 35. Rxf7 Kxf7 36. Kd3 Ke6 37. Ng3 Be5 38. Ne2 Kd5 39. g3 h5 40. f4 gxf4 41. gxf4 Bf6 42. Ng3 h4 43. Ne4 Be7 44. Nd2 Bd8 45. Nf3 Bf6 46. f5 Kc5 47. Nh2 Kd5 48. Ng4 Bg7 49. f6 Bf8 50. f7 Bg7 51. Nh2 Ke6 52. Nf3 Kxf7 53. Nxh4 Ke6 54. Nf3 Kd5 55. h4 Bf6 56. h5 Bg7 57.
Nh4 Ke5 58. Nf3+ Kd5 59. Ng5 Bf6 60. Ne4 Bg7 61. Nf2 Ke5 62. h6 Bh8 63. Ne4 Kf5 64. Nd2 Ke5 65. Nb3 Kd5 66. h7 Bg7 67. Nd2 Ke6 68. Ne4 Kf7 69. Nd6+ Kg6 70. Nb5 Kxh7 71.
Nxd4 1/2-1/2

[Event "Early-Titled-Tuesday-Blitz-March-26-2024"]
[Site "Chess.com"]
[Date "2024.03.26"]
[Round "8"]
[White "NovoselovRoman"]
[Black "PavelShkapenko"]
[Result "0-1"]
[WhiteElo "2549"]
[BlackElo "2754"]
[TimeControl "180+1"]
[EndTime "9:25:39 PDT"]
[Termination "PavelShkapenko won on time"]

1. e4 e5 2. Nf3 Nc6 3. Bc4 d6 4.
h3 Be7 5. d3 Na5 6. O-O Nxc4 7.
dxc4 f5 8. Nc3 Nf6 9. exf5 Bxf5 10. c5 O-O 11. Bg5 Kh8 12. Qe2 Nh5 13. Be3 Nf6 14. Rad1 Qe8 15. cxd6 cxd6 16. Rd2 Ne4 17. Nxe4 Bxe4 18.
Nh2 Qg6 19. f3 Bc6 20. c4 a6 21. Kh1 Rae8 22. b4 b5 23. Rc1 bxc4 24. Qxc4 Bb5 25.
Qg4 Qxg4 26. Nxg4 Rc8 27. Rdc2 Rxc2 28. Rxc2 h5 29. Nf2 d5 30. Bc5 Rc8 31. Nd1 d4 32.
Nb2 Bg5 33. a4 Bd7 34. Nc4 Bxa4 35. Rb2 Bf6 36. Nd2 d3 37. Ne4 Bc2 38. Kg1 Bd8 39. Ra2 a5 40. b5 Rxc5 41. Kf2 Rxb5 42. Ke3 Bb6+ 43. Kd2 Bd4 44. Ng5 g6 45. Nf7+ Kg7 46. Nd6 Rd5 47. Nb7 Bb6 48. Rb2 Bc7 49. g3 a4 50. Ra2 Rb5 0-1

[Event "Early-Titled-Tuesday-Blitz-March-26-2024"]
[Site "Chess.com"]
[Date "2024.03.26"]
[Round "8"]
[White "AnaKuchava"]
[Black "FREDERICKtheMATE"]
[Result "1-0"]
[WhiteElo "2150"]
[BlackElo "2672"]
[TimeControl "180+1"]
[EndTime "9:25:39 PDT"]
[Termination "AnaKuchava won by checkmate"]

1. d4 Nf6 2. Nf3 d5 3. c4 c6 4. Nc3 e6 5. e3 Nbd7 6. Bd3 Bd6 7.
O-O dxc4 8. Bxc4 b5 9. Bb3 Bb7 10. a3 Qc7 11. e4 e5 12. d5 O-O 13. dxc6 Bxc6 14. Be3 Nc5 15. Bxc5 Bxc5 16. Qe2 Rab8 17. Rac1 Rfd8 18. Nd5 Bxd5 19. exd5 e4 20. Ng5 Qe7 21. d6 Bxd6 22. Nxf7 Qxf7 23. Bxf7+ Kxf7 24. Rfd1 a6 25. Rc6 Be5 26. Rxd8 Rxd8 27. Rxa6 Rd3 28. g3 Rb3 29.
Ra7+ Kg6 30. h4 h5 31. Qd2 Nh7 32. Qc2 Rd3 33. Qc6+ Nf6 34. Qxb5 Rd5 35. Qe2 Bd4 36. Ra6 Re5 37. a4 Kh7 38. Kg2 Ng4 39. f3 exf3+ 40. Qxf3 Be3 41. a5 Nf6 42. Rxf6 gxf6 43. Qxf6 Bd4 44.
Qf7+ Kh8 45. Qf8+ Kh7 46. Qf7+ Kh8 47. a6 Re2+ 48. Kf1 Rxb2 49. a7 Ra2 50. Qf8+ Kh7 51. a8=Q Rxa8 52. Qxa8 Be5 53. Qe4+ Kh6 54. Qxe5 Kg6 55.
Qg5+ Kf7 56. Qxh5+ Ke6 57. Qg5 Kd6 58. h5 Kc6 59. h6 Kd6 60. h7 Kc6 61. h8=Q Kd6 62. Qhh6+ Kd7 63. Qgg7+ Kc8 64. Qhh8# 1-0

[Event "Early-Titled-Tuesday-Blitz-March-26-2024"]
[Site "Chess.com"]
[Date "2024.03.26"]
[Round "8"]
[White "Cobysters"]
[Black "Matibar"]
[Result "1-0"]
[WhiteElo "2586"]
[BlackElo "2713"]
[TimeControl "180+1"]
[EndTime "9:25:40 PDT"]
[Termination "Cobysters won by resignation"]

1. c4 b6 2. Nc3 Bb7 3. d4 e6 4. Nf3 f5 5. Bg5 Be7 6. h4 Nf6 7. e3 O-O 8. Bd3 h6 9. Bxf6 Bxf6 10. h5 Nc6 11. a3 d6 12. Qc2 Ne7 13. O-O-O a6 14.
Rde1 b5 15. e4 fxe4 16. Bxe4 d5 17. Bh7+ Kh8 18. c5 Nc6 19. Rxe6 Nxd4 20. Nxd4 Bxd4 21. Bg6 Qg5+ 22. Kb1 Qxg2 23. Rd1 Bxc5 24. Qd3 Rxf2 25. Rde1 Raf8 26. Re8 d4 27. Nd1 Rf6 28. b4 Bd6 29.
Qxd4 Qd5 30. Qc3 Bc6 31. Rxf8+ Rxf8 32. Be4 Qxe4+ 33. Rxe4 Bxe4+ 34. Kc1 Re8 35. Qe3 Bc6 36. Qd4 Be5 37. Qc5 Bf3 38. Kd2 Bf4+ 39. Kc2 Bg5 40.
Nc3 Bxh5 41. Qxc7 Bg6+ 42. Kb3 Rf8 43. Qc6 Bf7+ 44. Kc2 Kg8 45. Qxa6 h5 46. Qxb5 Bf6 47. Qf5 Re8 48. Ne4 Be5 49. Ng5 Bd5 50. Qh7+ Kf8 51. Qf5+ Bf6 52. Nh7+ Ke7 53. Nxf6 gxf6 54. Qxd5 1-0

[Event "Early-Titled-Tuesday-Blitz-March-26-2024"]
[Site "Chess.com"]
[Date "2024.03.26"]
[Round "8"]
[White "MatyChess1"]
[Black "AwareIdea"]
[Result "1-0"]
[WhiteElo "2641"]
[BlackElo "2501"]
[TimeControl "180+1"]
[EndTime "9:25:42 PDT"]
[Termination "MatyChess1 won by checkmate"]

1. Nf3 d5 2. e3 Nf6 3. b3 c5 4.
Bb2 Nc6 5. Bb5 Qb6 6. c4 a6 7. Bxc6+ Qxc6 8. O-O Bg4 9. d3 Rd8 10. h3 Bh5 11. Ne5 Qe6 12. Qc2 dxc4 13. bxc4 Nd7 14.
Nxd7 Qxd7 15. d4 e6 16. Qb3 Qc6 17. a4 Be7 18. Nc3 cxd4 19. exd4 O-O 20. d5 Qc8 21. Rfe1 Bc5 22. Ne4 exd5 23. cxd5 Ba7 24. Rac1 Qd7 25.
d6 Rfe8 26. Rc7 Qf5 27. g4 Bxf2+ 28. Nxf2 Rxe1+ 29. Kg2 Qe6 30. Qxe6 Rxe6 31. gxh5 b5 32. axb5 axb5 33. Ba3 h6 34. Kf3 Rexd6 35. Bxd6 Rxd6 36. Ne4 Rd5 37. Ng3 Rd3+ 38. Kg2 b4 39. Rb7 b3 40.
Rb8+ Kh7 41. Rb7 Rd2+ 42. Kf3 b2 43. Ne4 Rh2 44. Kg3 Re2 45. Nd6 Kg8 46. Rb8+ Kh7 47. Nxf7 Re3+ 48. Kf2 Re8 49. Rxe8 b1=Q 50. Rh8# 1-0